 Dungeon Crawl Stone Soup version 0.29.0-11-gd7f09526c8 (webtiles) character file.

Game seed: 4930987553829727104

7 xian the Charlatan (level 1, -1/16 HPs)
             Began as a Draconian Artificer on Sept 3, 2022.
             Slain by a quokka (3 damage)
             ... on level 1 of the Dungeon.
             The game lasted 00:00:35 (256 turns).

xian the Charlatan (Draconian Artificer)             Turns: 256, Time: 00:00:36

Health: -1/16      AC:  4    Str: 14    XL:     1   Next: 91%
Magic:  1/1        EV: 12    Int: 11    God:
Gold:   20         SH:  0    Dex: 11    Spells: 0/0 levels left

rFire   . . .      SeeInvis .   f - +0 long sword
rCold   . . .      Faith    .   (no shield)
rNeg    . . .      Spirit   .   (body armour unavailable)
rPois   .          Reflect  .   (helmet restricted)
rElec   .          Harm     .   (no cloak)
rCorr   .          Rampage  .   (no gloves)
Will    .....                   (no boots)
Stlth   +.........              (no amulet)
HPRegen 0.05/turn               (no ring)
MPRegen 0.07/turn               (no ring)

@: no status effects
A: AC +4, unfitting armour, cold-blooded
a: no special abilities


You were on level 1 of the Dungeon.
You visited 1 branch of the dungeon, and saw 1 of its levels.

You collected 20 gold pieces.

Inventory:

Hand Weapons
 a - a +0 club
 f - a +0 long sword (weapon)
Wands
 b - a wand of flame (15) (quivered)
 c - a wand of charming (15)
 d - a wand of iceblast (5)
Potions
 e - a potion of mutation {unknown}


   Skills:
 + Level 1.1 Fighting
 + Level 2.1 Dodging
 + Level 0.8 Stealth
 + Level 3.5 Evocations


You couldn't memorise any spells.
You didn't know any spells.
Your spell library was empty.

Dungeon Overview and Level Annotations

Branches:
Dungeon (1/15)

Altars:


Innate Abilities, Weirdness & Mutations

Your plain brown scales are hard. (AC +4)
You cannot fit into any form of body armour.
You are cold-blooded and may be slowed by cold attacks.


Message History

You closely miss the quokka.
Your tail-slap misses the quokka.
The quokka misses you. The frilled lizard closely misses you.
The dart slug launches a dart at you. The slug dart hits you.
The quokka closely misses you.
You hit the quokka but do no damage.
The frilled lizard bites you but does no damage.
The quokka barely misses you. The frilled lizard bites you.
The hobgoblin hits you but does no damage.
The quokka closely misses you.
You barely miss the quokka.
Your tail-slap misses the quokka.
The quokka barely misses you. The frilled lizard barely misses you.
The hobgoblin closely misses you.
The dart slug briefly extends its eye-stalks.
You closely miss the quokka. The quokka bites you.
The frilled lizard bites you.
The hobgoblin hits you but does no damage.
The quokka barely misses you.
The frilled lizard completely misses you.
The hobgoblin hits you.
You barely miss the quokka.
You tail-slap the quokka, but do no damage.
Your punch misses the quokka. The quokka barely misses you.
The frilled lizard barely misses you.
The hobgoblin hits you but does no damage.
The quokka misses you.
Unknown command.
The quokka attacks as you move away! The quokka closely misses you.
The hobgoblin attacks as you move away! The hobgoblin hits you.
* * * LOW HITPOINT WARNING * * *
The frilled lizard barely misses you.
The frilled lizard attacks as you move away!
The frilled lizard barely misses you. The quokka attacks as you move away!
The quokka bites you but does no damage.
The frilled lizard attacks as you move away!
The frilled lizard closely misses you.
The frilled lizard attacks as you move away!
The frilled lizard bites you but does no damage.
The quokka bites you.
You die...

......######## #..
...........# ##########..
..........+ #..........#
##........# #..........#
#.........# #..........#
#.........# #..........#
#w........+
##..........####g........#
#...........'.@rl#########
#.......†...######
#...........#
#...........#
#...######### ###.# #.# ##
#.# . .####.# ..


You could see a quokka, a hobgoblin and a frilled lizard.

Vanquished Creatures
  A dart slug (D:1)
  2 endoplasms (D:1)
  A giant cockroach (D:1)
  A frilled lizard (D:1)
5 creatures vanquished.

Notes
Turn   | Place    | Note
-------+----------+-------------------------------------------
     0 | D:1      | xian the Draconian Artificer began the quest for the Orb.
     0 | D:1      | Reached XP level 1. HP: 16/16 MP: 1/1
   256 | D:1      | Slain by a quokka

Illustrated notes

Levels and vault maps discovered:
D:1:      psy_arrival_spokes, layout_basic

Action                   || total
-------------------------++-------
Melee: Long sword        ||    20
       Club              ||     3
       Tailslap          ||     3
Armor: Skin              ||    12
Dodge: Dodged            ||    31
